 Dungeon Crawl Stone Soup version 0.21-a0-396-ga924934 (webtiles) character file.

29 kae the Insei (level 3, 0/29 HPs)
             Began as a Draconian Transmuter on Oct 19, 2017.
             Slain by an adder (2 damage)
             ... on level 2 of the Dungeon.
             The game lasted 00:00:59 (544 turns).

kae the Insei (Draconian Transmuter)                 Turns: 544, Time: 00:00:59

Health: 0/29       AC:  5    Str: 17    XL:     3   Next: 1%
Magic:  5/6        EV: 12    Int: 13    God:
Gold:   38         SH:  0    Dex: 12    Spells: 0/6 levels left

rFire    . . .     SeeInvis .     - Unarmed
rCold    . . .     Gourm    .   (no shield)
rNeg     . . .     Faith    .   (armour unavailable)
rPois    .         Spirit   .   (helmet restricted)
rElec    .         Reflect  .   (no cloak)
rCorr    .         Harm     .   (no gloves)
MR       .....                  (no boots)
Stlth    +.........             (no amulet)
HPRegen  0.09/turn              (no ring)
MPRegen  0.10/turn              (no ring)

@: mighty, lethally poisoned (0 -> -4), appendage (expiring)
A: unfitting armour, horns 2, cold-blooded, AC +5
a: End Transformation


You were on level 2 of the Dungeon.
You were not hungry.
You had grown temporary horns.
You visited 1 branch of the dungeon, and saw 2 of its levels.

You collected 38 gold pieces.

Inventory:

Missiles
 a - 12 arrows
Potions
 h - a potion of brilliance
Books
 b - a book of Changes

   Spells                             Type                      Level
   a - Beastly Appendage              Transmutation                1
   b - Sticks to Snakes               Transmutation                2
   c - Spider Form                    Transmutation/Poison         3
   d - Ice Form                       Ice/Transmutation            4
   e - Blade Hands                    Transmutation                5
Comestibles
 c - a bread ration
 d - a royal jelly


   Skills:
 + Level 1.7 Fighting
 - Level 1.7 Dodging
 * Level 3.5 Unarmed Combat
 + Level 2.2 Spellcasting
 + Level 2.3 Transmutations


You couldn't memorise any spells.
You knew the following spells:

 Your Spells              Type           Power        Failure   Level  Hunger
a - Beastly Appendage     Tmut           #.....       10%         1    ##.....
b - Sticks to Snakes      Tmut           #.......     14%         2    ###....
c - Spider Form           Tmut/Pois      #.........   43%         3    ####...


Dungeon Overview and Level Annotations

Branches:
Dungeon (2/15)

Altars:

Annotations:
D:2 Sigmund


Innate Abilities, Weirdness & Mutations

Your plain brown scales are hard. (AC +5)
You cannot fit into any form of body armour.
You are cold-blooded and may be slowed by cold attacks.
You have a pair of horns on your head.


Message History

The kobold hits you with a whip.
Sigmund the Dreaded comes into view.
He is wielding a scythe.
The adder bites you.
You are poisoned.
The adder poisons you! The adder barely misses you.
You feel sick. The leopard gecko bites you.
* * * LOW HITPOINT WARNING * * *
Okay, then.
* * * LOW HITPOINT WARNING * * *
You feel sick.
You feel very mighty all of a sudden.
Your transformation is almost over.
The adder bites you but does no damage. x2
You punch the adder!
The adder is severely wounded.
The adder barely misses you.
You barely miss the adder.
The adder is severely wounded.
* * * LOW HITPOINT WARNING * * *
You feel sick. The adder bites you.
You die...

### ... #.###
#!..# ###.####.#
# . ####
......†..#.##.#
..#
####..#)@†...#
#.# ###.
#S##...# #.#
##....#K.....#
#<#
#..........#..#
#.#
#.....#....#.#..
#.# #.....#.#.##
# . ..# #....
#..... ### .....
?...##. ##..
.#..# ..


You could see an adder and a kobold.

Vanquished Creatures
  An ooze (D:1)
  2 leopard geckos (D:1)
  A giant cockroach (D:1)
  A goblin (D:1)
  3 hobgoblins
  3 jackals (D:1)
  A ball python (D:1)
  2 bats (D:1)
  A frilled lizard (D:1)
  2 kobolds (D:1)
  5 rats
22 creatures vanquished.

Notes
Turn   | Place    | Note
-------+----------+-------------------------------------------
     0 | D:1      | kae the Draconian Transmuter began the quest for the Orb.
     0 | D:1      | Reached XP level 1. HP: 16/16 MP: 3/3
     2 | D:1      | Noticed a human
     2 | D:1      | Noticed a naga
     4 | D:1      | Noticed a halfling
     4 | D:1      | Noticed a gargoyle
     6 | D:1      | Noticed a centaur
     6 | D:1      | Noticed a minotaur
     8 | D:1      | Noticed a tengu
     8 | D:1      | Noticed a formicid
    10 | D:1      | Noticed a vampire
    10 | D:1      | Noticed a troll
    14 | D:1      | Noticed a merfolk
    14 | D:1      | Noticed an elf
    16 | D:1      | Noticed a spriggan
    18 | D:1      | Noticed a demonspawn
    18 | D:1      | Noticed an octopode
    20 | D:1      | Noticed a demigod
    20 | D:1      | Noticed an ogre
    22 | D:1      | Noticed a draconian
    22 | D:1      | Noticed a vine stalker
    24 | D:1      | Noticed a felid
    24 | D:1      | Noticed a dwarf
    26 | D:1      | Noticed a ghoul
   101 | D:1      | Reached XP level 2. HP: 21/23 MP: 3/5
   517 | D:2      | Reached XP level 3. HP: 25/29 MP: 4/6
   524 | D:2      | Learned a level 2 spell: Sticks to Snakes
   528 | D:2      | Learned a level 3 spell: Spider Form
   539 | D:2      | Noticed Sigmund
   544 | D:2      | Slain by an adder

Vault maps used:
D:1:      kb_arrival_jail
D:2:      lightli_corner_chamber, uniq_jessica, uniq_sigmund

Action                   || total
-------------------------++-------
Melee: Unarmed           ||    85
       Kick              ||     5
       Tailslap          ||     3
       Headbutt          ||     1
       Punch             ||     1
 Cast: Beastly Appendage ||     9
  Use: Scroll            ||     3
       Potion            ||     1
Armor: Skin              ||    26
Dodge: Dodged            ||    60

Table legend:
 A = Spawn XP
 B = Non-spawn XP
 C = Spawn XP percentage of total XP
 D = Spawn monster count
 E = Non-spawn monster count
 F = Spawn count percentage of total count
 G = Total turns spent on level
                    A         B        C        D         E        F      G
               +---------+---------+-------+---------+---------+-------+---------
         Total |       0 |      42 |   0.0 |       0 |      22 |   0.0 |   544
               +---------+---------+-------+---------+---------+-------+---------
           D:1 |       0 |      38 |   0.0 |       0 |      19 |   0.0 |   505
           D:2 |       0 |       4 |   0.0 |       0 |       3 |   0.0 |    39
               +---------+---------+-------+---------+---------+-------+---------
